 Dungeon Crawl Stone Soup version 0.24.0-125-gc4c63601f3 (webtiles) character file.

Game seed: 13880601644650500198, levelgen mode: deterministic

620 Johnny the Magician (level 7, 50/50 HPs)
             Began as a Red Draconian Ice Elementalist on Mar 7, 2020.
             Was an Initiate of Okawaru.
             Got out of the dungeon alive.
             The game lasted 00:04:50 (4787 turns).

Johnny the Magician (DrIE)                          Turns: 4787, Time: 00:04:50

Health: 50/50      AC:  7    Str: 10    XL:     7   Next: 22%
Magic:  15/15      EV: 15    Int: 18    God:    Okawaru [......]
Gold:   229        SH:  0    Dex: 11    Spells: 15/16 levels left

rFire    + . .     SeeInvis .   s - +2 rapier (speed)
rCold    . . .     Gourm    .   (no shield)
rNeg     . . .     Faith    .   (armour unavailable)
rPois    +         Spirit   .   (helmet restricted)
rElec    .         Reflect  .   (no cloak)
rCorr    .         Harm     .   (no gloves)
MR       .....                  e - +0 pair of boots
Stlth    ++........             (no amulet)
HPRegen  0.16/turn              a - ring of poison resistance
MPRegen  0.14/turn              t - +3 ring of evasion

@: no status effects
A: breathe fire, unfitting armour, fire resistance 1, cold-blooded, AC +6
a: Breathe Fire, Renounce Religion


You escaped.
You worshipped Okawaru.
Okawaru was noncommittal.
You were hungry.

You visited 2 branches of the dungeon, and saw 6 of its levels.

You collected 229 gold pieces.

Inventory:

Hand Weapons
 s - a +2 rapier of speed (weapon)
Armour
 e - a +0 pair of boots (worn)
Jewellery
 a - a ring of poison resistance (left hand)
 t - a +3 ring of evasion (right hand)
Wands
 l - a wand of random effects (7)
Scrolls
 h - 3 scrolls of remove curse {unknown}
 i - 5 scrolls of magic mapping {unknown}
 j - a scroll of amnesia {unknown}
 m - 3 scrolls of identify {unknown}
 n - 2 scrolls of teleportation {unknown}
 o - a scroll of enchant armour {unknown}
Potions
 c - 5 potions of curing
 d - a potion of flight {unknown}
 f - 3 potions of heal wounds {unknown}
 g - a potion of might {unknown}
 k - a potion of ambrosia {unknown}
 p - a potion of lignification {unknown}
 r - 2 potions of brilliance {unknown}
Comestibles
 b - 5 rations


   Skills:
 - Level 1.7 Dodging
 - Level 1.7 Stealth
 + Level 5.4 Spellcasting
   Level 1.0 Conjurations
 + Level 5.2 Ice Magic


You had 15 spell levels left.
You knew the following spells:

 Your Spells              Type           Power        Failure   Level  Hunger
a - Freeze                Ice            ###.         1%          1    None

Your spell library contained the following spells:

 Spells                   Type           Power        Failure   Level  Hunger
 Throw Frost              Conj/Ice       ###...       5%          2    #......
 Ozocubu's Armour         Chrm/Ice       ##......     13%         3    ##.....
 Throw Icicle             Conj/Ice       ###.....     34%         4    ####...
 Summon Ice Beast         Ice/Summ       ##......     41%         4    ####...


Dungeon Overview and Level Annotations

Branches:
Dungeon (5/15)             Temple (1/1) D:4

Altars:
Ashenzari
Dithmenos
Elyvilon
Gozag
Hepliaklqana
Makhleb
Nemelex Xobeh
Okawaru
Qazlal
Ru
Sif Muna
Trog
Uskayaw
Vehumet
Wu Jian
Xom
Yredelemnul
Zin
The Shining One


Innate Abilities, Weirdness & Mutations

You can breathe blasts of fire.
Your fiery red scales are hard. (AC +6)
You cannot fit into any form of body armour.
Your flesh is heat resistant. (rF+)
You are cold-blooded and may be slowed by cold attacks.


Message History

The ooze is heavily wounded.
The ooze hits you but does no damage.
You hit the ooze.
The ooze is almost dead.
The ooze hits you but does no damage.
You hit the ooze.
You kill the ooze!
Okawaru accepts your kill.
There is an open door here.
There is a stone staircase leading up here.
You climb upwards.
There is a stone staircase leading down here.
You are feeling hungry.
You can't go up here!
(D) Dungeon (T) Temple
Where to? (Enter - D:1 @ (x,y), ? - help)
There is an open door here.
There is a staircase leading out of the dungeon here.
Are you sure you want to leave the Dungeon?
This will make you lose the game!
You have escaped!

# ##.......####.####.......## # #
##.....####..#....####.....## #
###....###.....#.......###....###
##....##.....#.#####.....##....##
##...##....###.#...###....##...##
#....'....##(..#.....##....#....#
#...##...##...##.##...##...##...#
#...#....#...##...##...#....#...#
#...#....#...##.@.##...#....'...#
#...#....#...##...##...#....#...#
#...##...##...#####...##...##...#
#....#....##.........##....#....#
##...##....###.....###....##...##
.#....##.....#######.....##....#.
.##....###.............###....##.
..##....(####.......####.....##..
#..##.......#########.......##...


There were no monsters in sight!

Vanquished Creatures
  Duvessa (D:4)
  An ice beast (D:3)
  Dowan (D:4)
  3 orc priests
  A bullfrog skeleton (D:4)
  2 orc wizards (D:4)
  A worker ant (D:5)
  Robin (D:2)
  4 adders
  3 oozes
  4 worms (D:2)
  A dart slug (D:1)
  11 orcs
  11 bats
  3 giant cockroaches
  7 hobgoblins
  6 jackals (D:3)
  A quokka (D:3)
  6 frilled lizards
  18 goblins
  7 kobolds
  11 rats
104 creatures vanquished.

Notes
Turn   | Place    | Note
-------+----------+-------------------------------------------
     0 | D:1      | Johnny the Draconian Ice Elementalist began the quest for
                  | the Orb.
     0 | D:1      | Reached XP level 1. HP: 14/14 MP: 3/3
   184 | D:1      | Reached XP level 2. HP: 13/20 MP: 5/5
   883 | D:1      | Reached XP level 3. HP: 25/26 MP: 5/7
  1367 | D:2      | Noticed Robin
  1520 | D:2      | Killed Robin
  1563 | D:2      | Reached XP level 4. HP: 10/33 MP: 3/8
  2676 | D:3      | Reached XP level 5. HP: 35/38 MP: 3/10
  3100 | D:3      | Found a glowing golden altar of the Shining One.
  3379 | D:4      | Noticed Duvessa
  3379 | D:4      | Noticed Dowan
  3390 | D:4      | Killed Duvessa
  3390 | D:4      | Reached skill level 5 in Ice Magic
  3390 | D:4      | Reached XP level 6. HP: 30/45 MP: 4/12
  3395 | D:4      | Killed Dowan
  3499 | D:4      | Found a staircase to the Ecumenical Temple.
  3591 | D:4      | Found a stormy altar of Qazlal.
  3863 | Temple   | Entered the Ecumenical Temple
  4054 | Temple   | Became a worshipper of Warmaster Okawaru
  4222 | D:4      | Noticed an ice beast
  4303 | D:3      | Killed an ice beast
  4303 | D:3      | Reached skill level 5 in Spellcasting
  4383 | D:5      | Entered Level 5 of the Dungeon
  4385 | D:5      | Your scales start taking on a fiery red colour.
  4385 | D:5      | Reduced skill Ice Magic to level 5
  4385 | D:5      | Reached XP level 7. HP: 47/50 MP: 11/14
  4385 | D:5      | Gained mutation: Your flesh is heat resistant. (rF+) [Red
                  | Draconian growth]
  4787 | D:$      | Got out of the dungeon alive.

Levels and vault maps discovered:
D:1:      dpeg_arrival_circle_labyrinth_a, layout_basic
D:2:      layout_basic, hangedman_abyss_or_decor_stabs, uniq_robin
D:3:      layout_loops_ring, lemuel_crystal_altar
D:4:      layout_layer_cave, minmay_temple_entry_junction_2,
          serial_co_window_serial, co_window_paths_a,
          co_window_of_opportunity_a, co_window_of_opportunity_a,
          co_window_paths_a, co_window_corner_a, co_window_2corner,
          co_window_of_opportunity_c, co_window_of_opportunity_b,
          co_window_corner_b, co_window_4corner_a, glass_columns_a,
          glass_columns_a, glass_columns_a, glass_columns_a, glass_columns_a,
          serial_bayou_pond_c, grunt_qazlal_sundering, uniq_duvessa
D:5:      layout_loops_cross, serial_shops, nicolae_shop_statue_plus,
          first_ration, kennysheep_generic_room_16
Temple:   dpeg_five_rooms_temple

Skill      XL: |  1  2  3  4  5  6 |
---------------+-------------------+-----
Spellcasting   | 3 4 5 |  5.4
Ice Magic      | 4 5 5 |  5.2
Dodging        | |  1.7
Stealth        | |  1.7
Conjurations   | |  1.0

Action                   |  1- 3 |  4- 6 |  7- 9 || total
-------------------------+-------+-------+-------++-------
Melee: Unarmed           |   114 |   122 |       ||   236
       Tailslap          |    15 |     9 |     2 ||    26
       Rapier            |       |    48 |     5 ||    53
 Cast: Freeze            |    50 |    77 |     9 ||   136
Evoke: Wand              |     3 |     2 |     5 ||    10
 Stab: Sleeping          |     2 |     3 |       ||     5
  Eat: Chunk             |     2 |     8 |     2 ||    12
Armor: Skin              |    37 |    89 |     4 ||   130
Dodge: Dodged            |    80 |   169 |    10 ||   259
